AoeStats
← TheOne

Golden Pit

509098543Analyzed
1v1 RM · 7d ago on Sep 25, 2026· 26m 7s· 2 players
Game mode
Random Map
Map size
Tiny (2 player)
Population
200
Speed
Normal
Resources
Standard
Victory
Conquest
Starting age
Dark Age
Ending age
Imperial Age
RankedLock teamsTeams togetherTeam positionsShared explorationLock speedFull tech treeHidden civsTurbo modeCheats
Victory
Defeat
🇪🇸 Sicilians · Spain
1339
+16
🇮🇳 Saxons · India
1349
-16
mikel.carcedo.95
6:02 Loom
9:49 Feudal Age
12:15 Double-Bit Axe
14:25 Fletching
21:51 Castle Age
19:56 Scale Mail Armor
21:06 Forging
22:08 Wheelbarrow
21:18 Town Watch
25:54 Iron Casting
TheOne
8:26 Loom
10:31 Feudal Age
11:54 Double-Bit Axe
11:59 Horse Collar
13:07 Town Watch
13:27 Fletching
16:51 Gold Mining
21:24 Castle Age
21:05 Scale Mail Armor
21:44 Forging
21:54 Gambesons
22:11 Squires
Connection lost

Rejoining the realm…

Still unreachable

The connection could not be restored.

Session expired

The server has moved on; the page needs a fresh start.